 Dungeon Crawl Stone Soup version 0.28-a0-1435-g82390b3a13 (webtiles) character file.

Game seed: 8954427985022051450

22487 shadowrider38 the Nimble (level 13, -3/92 HPs)
             Began as an Octopode Wanderer on Jan 10, 2022.
             Was an Initiate of Gozag.
             Slain by a jumping spider (10 damage)
             ... on level 2 of the Lair of Beasts.
             The game lasted 01:04:19 (25919 turns).

shadowrider38 the Nimble (Octopode Wanderer)       Turns: 25919, Time: 01:04:21

Health: -3/92      AC:  1    Str: 13    XL:     13   Next: 0%
Magic:  0/16       EV: 11    Int: 13    God:    Gozag
Gold:   266        SH:  0    Dex: 17    Spells: 14/16 levels left

rFire   + . .      SeeInvis .   a - +7 short sword of Emneic {vorpal, +Blink rC+ Str+3 Dex-2}
rCold   + . .      Faith    .   i - +0 buckler
rNeg    . . .      Spirit   +   P - +0 hat "Joudoaha" {rPois}
rPois   +          Reflect  .   S - amulet of guardian spirit
rElec   .          Harm     .   k - ring of flight
rCorr   .          Rampage  .   y - ring of protection from fire
Will    .....                   H - ring of poison resistance
Stlth   ++++......              V - ring of wizardry
HPRegen 0.25/turn               (no ring)
MPRegen 0.15/turn               (no ring)
                                (no ring)
                                (no ring)

@: mighty, brilliant, flying, held
A: almost no armour, amphibious, 8 rings, camouflage 1, gelatinous body 1,
(nimble swimmer 1), tentacles
a: Renounce Religion, Evoke Blink, Potion Petition, Call Merchant, Bribe Branch


You were on level 2 of the Lair of Beasts.
You worshipped Gozag.
Gozag was aware of your devotion.
You visited 4 branches of the dungeon, and saw 17 of its levels.

You collected 2612 gold pieces.
You spent 600 gold pieces at shops.
You paid 1746 gold pieces to Gozag.

Inventory:

Hand Weapons
 a - the +7 short sword of Emneic (weapon) {vorpal, +Blink rC+ Str+3 Dex-2}
   (You found it on level 3 of the Dungeon)

   It inflicts extra damage upon your enemies.
   Str:       It affects your strength (+3).
   Dex:       It affects your dexterity (-2).
   rC:        It protects you from cold.
   +Blink:    It lets you blink.
 v - a +1 flail of freezing
 O - a +5 rapier
Missiles
 h - 4 atropa-tipped darts
 j - 301 stones
 t - 110 poisoned darts (quivered)
 z - 5 boomerangs
 E - 4 throwing nets
 G - 3 curare-tipped darts
Armour
 b - a +0 hat
 i - a +0 buckler (worn)
 P - the +0 hat "Joudoaha" (worn) {rPois}
   (You found it on level 5 of the Dungeon)

   rPois:     It protects you from poison.
Jewellery
 k - a ring of flight (left tentacle)
 y - a ring of protection from fire (right tentacle)
 H - a ring of poison resistance (on tentacle)
 S - an amulet of guardian spirit (around mantle)
 V - a ring of wizardry (on tentacle)
Wands
 p - a wand of flame (21)
 B - a wand of digging (7)
 J - a wand of mindburst (17)
 U - a wand of polymorph (4)
 W - a wand of paralysis (5)
Scrolls
 c - 3 scrolls of teleportation
 d - a scroll of immolation
 l - a scroll of fog {unknown}
 n - a scroll of amnesia
 q - 2 scrolls of fear
 u - 2 scrolls of acquirement {unknown}
 x - a scroll of blinking {unknown}
 A - a scroll of silence {unknown}
 F - 2 scrolls of enchant weapon
 M - a scroll of holy word {unknown}
 N - a scroll of brand weapon {unknown}
 Q - a scroll of enchant armour {unknown}
 T - 2 scrolls of vulnerability {unknown}
Potions
 e - 5 potions of curing
 g - 3 potions of berserk rage {unknown}
 m - 2 potions of resistance
 o - 2 potions of haste
 r - 8 potions of brilliance
 s - 3 potions of invisibility {unknown}
 C - 2 potions of cancellation
 D - 4 potions of attraction {unknown}
 I - 2 potions of heal wounds {unknown}
 K - a potion of ambrosia
 L - a potion of lignification {unknown}
 R - a potion of degeneration {unknown}
Miscellaneous
 f - a condenser vane
 w - a lightning rod (4/4)


   Skills:
 - Level 10.0 Fighting
 - Level 11.9(12.0) Short Blades
 - Level 2.0(7.8) Long Blades
 - Level 12.0 Dodging
 - Level 4.0 Stealth
 - Level 4.0 Shields
 - Level 2.1 Spellcasting
 - Level 3.2 Conjurations
 + Level 4.9 Summonings
 - Level 2.0 Air Magic
 - Level 5.0 Evocations


You had 14 spell levels left.
You knew the following spells:

 Your Spells              Type           Power      Damage    Failure   Level
a - Shock                 Conj/Air       48%        1d6       4%          1
b - Summon Small Mammal   Summ           84%        N/A       1%          1

Your spell library contained the following spells:

 Spells                   Type           Power      Damage    Failure   Level
 Magic Dart               Conj           56%        1d5       3%          1
 Searing Ray              Conj           28%        2d5       5%          2
 Animate Skeleton         Necr           4%         N/A       13%         1
 Apportation              Tloc           4%         N/A       13%         1
 Beastly Appendage        Tmut           4%         N/A       13%         1
 Sting                    Tmut/Pois      8%         1d3       13%         1
 Corpse Rot               Necr/Air       10%        N/A       13%         2
 Poisonous Vapours        Pois/Air       10%        N/A       13%         2
 Swiftness                Air            9%         N/A       16%         3
 Ensorcelled Hibernation  Hex/Ice        4%         N/A       19%         2
 Scorch                   Fire           4%         2d5       19%         2
 Wereblood                Tmut           2%         N/A       19%         2
 Dazzling Flash           Conj/Hex       16%        N/A       21%         3
 Spider Form              Tmut/Pois      2%         N/A       34%         3
 Summon Ice Beast         Ice/Summ       11%        N/A       41%         4
 Flame Wave               Conj/Fire      8%         2d4       52%         4
 Fulminant Prism          Conj/Hex       4%         3d6       52%         4
 Iskenderun's Mystic Bla  Conj/Tloc      8%         2d4       52%         4
 Olgreb's Toxic Radiance  Pois           2%         N/A       75%         4
 Summon Mana Viper        Hex/Summ       11%        N/A       75%         5
 Summon Cactus Giant      Summ           10%        N/A       92%         6
 Alistair's Intoxication  Tmut/Pois      1%         N/A       96%         5
 Starburst                Conj/Fire      4%         6d3       100%        6
 Monstrous Menagerie      Summ           10%        N/A       100%        7


Dungeon Overview and Level Annotations

Branches:
Dungeon (12/15)            Temple (1/1) D:6            Lair (3/6) D:8
    Orc (1/2) D:10
  Swamp: Lair:2-4    Shoals: Lair:2-4     Snake: Lair:2-4    Spider: Lair:2-4

Altars:
Ashenzari
Cheibriados
Dithmenos
Elyvilon
Fedhas
Gozag
Hepliaklqana
Kikubaaqudgha
Makhleb
Nemelex Xobeh
Okawaru
Qazlal
Ru
Sif Muna
Trog
Uskayaw
Vehumet
Wu Jian
Xom
Yredelemnul
Zin
The Shining One
Beogh

Shops:
D:4 [   D:5 =   Lair:1 *

Annotations:
D:3 exclusions: downstairs and upstairs
D:7 exclusion: downstairs
D:10 exclusion: downstairs
D:11 exclusion: door
Lair:1 exclusion: downstairs
Lair:2 exclusions: bullfrog, downstairs and 2 hydras
Orc:1 Gastronok


Innate Abilities, Weirdness & Mutations

You cannot wear most types of armour.
You are amphibious.
You can wear up to eight rings at the same time.
Your skin changes colour to match your surroundings (Stealth+).
Your rubbery body absorbs attacks. (AC +1, EV +1)
((You are camouflaged when in or above water. (Stealth+)))
You have tentacles for arms and can constrict up to eight enemies at once.


Message History

You struggle to detach yourself from the web.
You constrict the jumping spider. The jumping spider barely misses you.
The jumping spider bites you.
The web tears apart.
You constrict the jumping spider, but do no damage.
You block the jumping spider's attack. The jumping spider bites you.
The jumping spider pounces on you!
You are caught in a web!
The jumping spider bites you.
The web tears apart.
You constrict the jumping spider. The jumping spider barely misses you.
The jumping spider bites you.
You hit the jumping spider. Your squeeze misses the jumping spider.
The jumping spider is moderately wounded.
You constrict the jumping spider. The jumping spider barely misses you.
You block the jumping spider's attack.
You hit the jumping spider. You squeeze the jumping spider.
The jumping spider is heavily wounded.
You constrict the jumping spider. The jumping spider pounces on you!
You are caught in a web!
The jumping spider bites you.
You struggle to detach yourself from the web.
You constrict the jumping spider. The jumping spider pounces on you!!
* * * LOW HITPOINT WARNING * * *
You are even more entangled.
The jumping spider closely misses you. The jumping spider pounces on you.
* * * LOW HITPOINT WARNING * * *
The jumping spider bites you.
* * * LOW HITPOINT WARNING * * *
Press: ? - help, v - describe, . - travel
Here: a jumping spider (heavily wounded, constricted by you)
The floor.
Unknown command.
Okay, then. [a] - 260 gold - haste [b] - 616 gold - resistance, might, haste and brilliance [c] - 240 gold - might and brilliance Purchase which effect?
You no longer have enough gold to petition Gozag for potion effects.
You feel very mighty all of a sudden.
You feel clever all of a sudden.
You constrict the jumping spider. The jumping spider pounces on you!
You die...
Your body crumbles into a pile of gold.

##.. .P.##.............
#...#####..#.............
#...................(....
#........................
#........................
##..............<........
#P.......................
##...####.##P...P..#.###P
#P...# #@..##...###......
#.....##.s..#...........#Y
###...##....##..........##
#...##....##....#.....##
P...########...#.......#
##...# #######.##### D....
####### ##.##P#
#$#.#.###......
#$#.#$#.##......


You could see a jumping spider.

Vanquished Creatures
  Harold (D:8)
  A jorogumo (shapeshifter) (D:8)
  A centaur warrior (D:11)
  6 two-headed ogres
  An ugly thing (D:12)
  Joseph (D:8)
  The ghost of hgbash the Magician, a novice DECj of Vehumet (D:4)
  2 gargoyles (D:12)
  6 komodo dragons
  3 kobold demonologists
  2 trolls
  A hornet (D:9)
  8 blink frogs (Lair:1)
  A jumping spider (Lair:2)
  A wyvern (D:7)
  20 yaks
  Grum (Lair:1)
  3 steam dragons
  3 redbacks (Lair:2)
  4 acid dragons
  3 water moccasins (D:7)
  6 orc warriors
  2 ice beasts (D:7)
  A black bear (D:5)
  2 hornet zombies
  3 necrophages
  5 ogres
  6 centaurs
  9 wolves
  6 kobold brigands
  2 wyvern zombies
  5 bullfrogs
  A scorpion (D:6)
  A water moccasin zombie (D:3)
  A water moccasin skeleton (D:5)
  7 killer bees
  5 wights
  4 howler monkeys
  2 bullfrog zombies (D:5)
  5 centaur zombies
  A human zombie (D:5)
  A gnoll shaman (D:6)
  A bullfrog skeleton (D:5)
  5 orc priests
  2 hounds
  Terence (D:2)
  2 iguanas (D:5)
  12 orc wizards
  A killer bee zombie (D:8)
  3 mummies (D:5)
  3 howler monkey zombies
  3 adders
  3 gnolls
  A shadow imp (D:7)
  2 white imps
  An ufetubus (D:6)
  3 worms (D:4)
  3 dart slugs
  33 orcs
  8 ball pythons
  3 endoplasms
  3 hobgoblins
  4 jackals
  4 quokkas
  6 bats
  6 frilled lizards
  6 goblins
  36 kobolds
  9 rats
309 creatures vanquished.

Vanquished Creatures (others)
  16 fungi
  19 plants
35 creatures vanquished.

Grand Total: 344 creatures vanquished

Notes
Turn   | Place    | Note
-------+----------+-------------------------------------------
     0 | D:1      | shadowrider38 the Octopode Wanderer began the quest for the
                  | Orb.
     0 | D:1      | shadowrider38 set off with the following items: a +2
                  | falchion, a +0 hat; and the following spell memorised:
                  | Shock; and the following spells available to memorise:
                  | Swiftness
     0 | D:1      | Reached XP level 1. HP: 11/11 MP: 2/2
   268 | D:1      | Reached skill level 2 in Dodging
   268 | D:1      | Reached XP level 2. HP: 17/17 MP: 3/3
   737 | D:1      | Found a faded altar of an unknown god.
   861 | D:1      | Reached XP level 3. HP: 21/21 MP: 4/4
  1030 | D:1      | Reached skill level 3 in Dodging
  1344 | D:2      | Noticed Terence
  1482 | D:3      | Reached XP level 4. HP: 10/27 MP: 5/5
  1990 | D:4      | Found Nygoebb's Antique Armour Emporium.
  2100 | D:3      | Identified the +7 short sword of Emneic {vorpal, +Blink rC+
                  | Str+3 Dex-2}
  2170 | D:3      | Reached skill level 4 in Dodging
  2323 | D:3      | Found a shimmering altar of Xom.
  2327 | D:3      | Found a shimmering altar of Xom.
  2329 | D:3      | Found a shimmering altar of Xom.
  2329 | D:3      | Found a shimmering altar of Xom.
  2330 | D:3      | Found a shimmering altar of Xom.
  2331 | D:3      | Found a shimmering altar of Xom.
  2332 | D:3      | Found a shimmering altar of Xom.
  2450 | D:3      | Reached skill level 1 in Fighting
  2450 | D:3      | Reached skill level 1 in Shields
  2450 | D:3      | Reached XP level 5. HP: 9/33 MP: 6/6
  2710 | D:3      | Found an ornate altar of the Wu Jian Council.
  3112 | D:4      | Found a radiant altar of Vehumet.
  3225 | D:4      | Noticed an ogre
  3460 | D:4      | Killed an ogre
  3461 | D:4      | Reached XP level 6. HP: 41/41 MP: 7/7
  3694 | D:4      | Noticed a necrophage
  3705 | D:5      | Entered Level 5 of the Dungeon
  3836 | D:4      | Killed a necrophage
  3974 | D:5      | Found a runed translucent gate.
  3974 | D:5      | Found a runed translucent gate.
  3974 | D:5      | Found a runed translucent gate.
  3978 | D:5      | Noticed hgbash's ghost (novice DECj)
  3994 | D:5      | Identified the +6 plate armour of Protective Custody {rC+
                  | Regen+ Str+3 Int-5}
  3994 | D:5      | Noticed an orc warrior
  4053 | D:5      | Reached XP level 7. HP: 47/48 MP: 8/8
  4085 | D:5      | Reached skill level 5 in Dodging
  4565 | D:5      | Reached skill level 6 in Dodging
  4579 | D:5      | Reached XP level 8. HP: 47/54 MP: 9/9
  4627 | D:5      | Found Tauq's Jewellery Shoppe.
  4777 | D:2      | Killed Terence
  5843 | D:5      | Reached skill level 7 in Dodging
  5907 | D:5      | Found an ancient bone altar of Kikubaaqudgha.
  5935 | D:5      | Reached skill level 8 in Dodging
  5947 | D:5      | Reached skill level 1 in Short Blades
  6187 | D:6      | Found a staircase to the Ecumenical Temple.
  6207 | Temple   | Entered the Ecumenical Temple
  6323 | Temple   | Became a worshipper of Gozag Ym Sagoz the Greedy
  6440 | D:6      | Found a hazy altar of Hepliaklqana.
  6518 | D:6      | Found a white marble altar of Elyvilon.
  6819 | D:6      | Reached XP level 9. HP: 45/58 MP: 10/10
  7426 | D:7      | Reached skill level 5 in Fighting
  7854 | D:7      | Reached skill level 9 in Dodging
  9270 | D:7      | Reached skill level 10 in Dodging
  9723 | D:8      | Reached XP level 10. HP: 60/69 MP: 11/11
  9983 | D:8      | Noticed Joseph
 10156 | D:8      | Found a staircase to the Lair.
 10157 | D:8      | Noticed Harold
 10904 | D:8      | Found a shimmering blue altar of Sif Muna.
 11301 | D:8      | Reached skill level 5 in Short Blades
 11996 | D:8      | Noticed a jorogumo
 12026 | D:8      | Paralysed by a jorogumo for 1 turns
 12027 | D:8      | Killed a jorogumo
 13334 | D:9      | Found a stormy altar of Qazlal.
 13679 | D:10     | Entered Level 10 of the Dungeon
 13679 | D:10     | Found a staircase to the Orcish Mines.
 13739 | Orc:1    | Entered Level 1 of the Orcish Mines
 13864 | D:8      | Killed Joseph
 13865 | D:8      | Reached XP level 11. HP: 70/77 MP: 14/14
 13882 | D:8      | Killed Harold
 13883 | D:8      | Reached skill level 5 in Evocations
 15027 | D:9      | Reached skill level 11 in Dodging
 15341 | D:5      | Bought a ring of poison resistance for 240 gold pieces
 15493 | D:9      | Noticed a two-headed ogre
 15504 | D:9      | Killed a two-headed ogre
 16157 | D:10     | Noticed a two-headed ogre
 16181 | D:10     | Killed a two-headed ogre
 16316 | D:10     | Noticed a two-headed ogre
 16354 | D:10     | Killed a two-headed ogre
 16355 | D:10     | Reached skill level 12 in Dodging
 16657 | D:10     | Found a bloodstained altar of Trog.
 17535 | D:10     | Found a glowing golden altar of the Shining One.
 17944 | D:10     | You are sucked into a shaft and drop 1 floor!
 17950 | D:11     | Noticed a two-headed ogre
 17956 | D:11     | Noticed a two-headed ogre
 17980 | D:11     | Killed a two-headed ogre
 18436 | D:11     | Killed a two-headed ogre
 18437 | D:11     | Reached skill level 10 in Fighting
 18437 | D:11     | Reached XP level 12. HP: 40/87 MP: 15/15
 18823 | D:11     | Noticed a two-headed ogre
 18837 | D:11     | Killed a two-headed ogre
 18949 | D:11     | Noticed a centaur warrior
 18968 | D:11     | Killed a centaur warrior
 19362 | D:11     | Reached skill level 10 in Short Blades
 20243 | D:11     | Noticed a death knight
 20735 | D:4      | Killed hgbash's ghost
 21020 | D:5      | Identified the +0 hat "Joudoaha" {rPois}
 21097 | Lair:1   | Entered Level 1 of the Lair of Beasts
 22247 | Lair:1   | Noticed Grum
 22696 | Lair:1   | Killed Grum
 23135 | Lair:1   | Reached skill level 1 in Conjurations
 23346 | Lair:2   | Noticed a four-headed hydra
 23456 | D:5      | Bought an amulet of guardian spirit for 360 gold pieces
 23532 | Orc:1    | Noticed Gastronok
 23988 | D:12     | Learned a level 1 spell: Summon Small Mammal
 24087 | D:12     | Reached skill level 1 in Summonings
 25262 | Lair:2   | Noticed a six-headed hydra
 25692 | Lair:2   | Reached XP level 13. HP: 43/92 MP: 7/16
 25919 | Lair:2   | Slain by a jumping spider

Illustrated notes

Levels and vault maps discovered:
D:1:      ebering_trefoil_twist, layout_basic,
          shapermc_ecumenical_altar_mp_urbaneastern
D:2:      layout_loops_ring, uniq_terence
D:3:      layout_basic, xom_redecorated, lemuel_crystal_altar, hex_medium,
          corexii_leaking_fountain, kennysheep_generic_room_11
D:4:      layout_gridville, lemuel_crystal_altar, serial_shops,
          nicolae_square_shop
D:5:      layout_rooms, lemuel_mausoleum_altar_kikubaaqudgha,
          biasface_ghost_orc_armoury, serial_shops, nicolae_lakefront_shop,
          kennysheep_minor_cross, lemuel_another_geyser
D:6:      layout_basic, nicolae_hepliaklqana_hazy_memory,
          nicolae_elyvilon_peaceful_grove, minmay_temple_entry_offerings
D:7:      layout_basic
D:8:      minmay_clustersquares, layout_loops_ring, mainiacjoe_overflow_paths,
          dpeg_oklobed_lair, minmay_misc_feat_alley, small_statue_intersection,
          grunt_ministairs_6, uniq_joseph, uniq_harold
D:9:      layout_basic, mainiacjoe_overflow_catwalk
D:10:     layout_loops_ring, general_overflow_altar, lemuel_tele_altar,
          david_orc_2
D:11:     layout_loops_ring, okawaru_altar_gauntlet_db
D:12:     layout_long_grid
Temple:   minmay_temple_bridge_abc
Lair:1:   layout_loops_ring, minivault_23, uniq_grum
Lair:2:   layout_regular_city, nicolae_spider_entry_tight_spaces, uniq_nergalle
Lair:3:   layout_misc_corridors, minmay_shoals_entry_lonely_mermaid, uniq_sonja
Orc:1:    layout_caves, serial_shops, shop, basic_altar,
          nicolae_volcano_entry_lava_flow, uniq_gastronok

Skill      XL: |  1  2  3  4  5  6  7  8  9 10 11 12 |
---------------+-------------------------------------+-----
Dodging        | 2 3 4 6 8 10 12 | 12.0
Fighting       | 1 2 4 6 8 10 | 10.0
Shields        | 1 2 4 |  4.0
Short Blades   | 4 8 11 | 11.9
Spellcasting   | 2 |  2.1
Evocations     | 3 5 |  5.0
Conjurations   | 3 |  3.2
Summonings     | 4 |  4.9
Long Blades    | |  2.0
Stealth        | |  4.0
Air Magic      | |  2.0

Action                   |  1- 3 |  4- 6 |  7- 9 | 10-12 | 13-15 || total
-------------------------+-------+-------+-------+-------+-------++-------
Melee: Falchion          |    67 |    35 |       |       |       ||   102
       Tentacles         |    16 |    13 |    47 |   181 |     1 ||   258
       Constrict         |    20 |    18 |    27 |    86 |     1 ||   152
       Short sword       |       |    35 |   182 |   672 |     4 ||   893
       Punch             |       |       |     5 |    23 |       ||    28
Throw: Stone             |       |    16 |    15 |       |       ||    31
       Dart              |       |       |       |    41 |       ||    41
       Boomerang         |       |       |       |     1 |       ||     1
Invok: Potion Petition   |       |       |       |     2 |     1 ||     3
       Call Merchant     |       |       |       |     1 |       ||     1
 Abil: Evoke Blink       |       |       |     1 |       |       ||     1
Evoke: Lightning rod     |       |       |       |     2 |       ||     2
       Condenser vane    |       |       |       |     1 |       ||     1
  Use: Scroll            |       |     1 |     4 |     7 |       ||    12
       Potion            |       |       |       |     1 |       ||     1
 Stab: Sleeping          |    14 |     5 |    22 |    15 |       ||    56
       Distracted        |       |       |     1 |     2 |       ||     3
Armor: Skin              |     4 |     3 |     2 |    12 |       ||    21
Dodge: Dodged            |    40 |    45 |   105 |   408 |     5 ||   603
Block: Buckler           |     3 |     5 |    28 |   126 |     2 ||   164

Table legend: (Time is in decaauts)
 A = Elapsed time spent in this place.
 B = Non-inter-level travel time spent in this place.
 C = Inter-level travel time spent in this place.
 D = Time resting spent in this place.
 E = Time spent auto-exploring this place.
 F = Levels seen in this place.
 G = Mean time per level.
                   A        B        C        D        E       F      G
               +--------+--------+--------+--------+--------+-----+--------+
         Total |  25830 |  23801 |   2029 |  11396 |   7366 |  17 | 1519.4 |
       Dungeon |  22543 |  20777 |   1766 |   9893 |   6675 |  12 | 1878.6 |
        Temple |    135 |    117 |     18 |      0 |    100 |   1 |  135.0 |
          Lair |   3126 |   2881 |    245 |   1503 |    591 |   3 | 1042.0 |
  Orcish Mines |     24 |     24 |      0 |      0 |      0 |   1 |   24.0 |
               +--------+--------+--------+--------+--------+-----+--------+

Top non-repeatable levels by time:
    D:10: 3125 daAuts
     D:8: 2772 daAuts
     D:7: 2551 daAuts
  Lair:1: 2497 daAuts
    D:11: 2289 daAuts
     D:9: 2154 daAuts
     D:4: 1915 daAuts
     D:5: 1888 daAuts
     D:6: 1503 daAuts
     D:3: 1459 daAuts
     D:1: 1095 daAuts
    D:12: 939 daAuts
     D:2: 847 daAuts
  Lair:2: 546 daAuts
  Temple: 135 daAuts
